 Dungeon Sprint DCSS version 0.17-a0-1685-g57e755e (webtiles) character file.

97 Kidiri the Sneak (level 4, -5/31 HPs)
             Began as a Spriggan Enchanter on Aug 19, 2015.
             Slain by a water elemental (9 damage)
             ... in the Dungeon (Sprint III: "The Ten Rune Challenge").
             The game lasted 00:02:32 (639 turns).

Kidiri the Sneak (Spriggan Enchanter)                Turns: 639, Time: 00:02:32

Health: -5/31      AC:  3    Str:  7    XL:     4   Next: 42%
Magic:  2/12       EV: 23    Int: 16    God:
Gold:   12         SH:  0    Dex: 19    Spells: 5 memorised, 2 levels left

rFire  . . .     SeeInvis +     a - +2 dagger
rCold  . . .     Clarity  +     l - +1 robe {MR+}
rNeg   . . .     SustAt   .     (shield restricted)
rPois  .         Gourm    .     (helmet restricted)
rElec  .         Spirit   .     (no cloak)
rCorr  .         Warding  .     (gloves unavailable)
rMut   .         NoTele   +     (boots unavailable)
MR     +....                    (no amulet)
Stlth  ..........               (no ring)
                                (no ring)

@: berserking (expiring), very slightly contaminated, very quick, somewhat
resistant to hostile enchantments, extremely unstealthy
A: unfitting armour, hooves 1, camouflage 1, see invisible, agile 1, berserk 1,
clarity, herbivore 3, speed 3, slow metabolism 2, weak 1
a: no special abilities


You were in the Dungeon.
You were not hungry.

You visited 1 branch You collected 12 gold pieces.

Inventory:

Hand weapons
 a - a +2 dagger (weapon)
Armour
 b - a +1 robe
 l - a +1 robe of magic resistance (worn)
Magical devices
 k - a wand of frost (27)
Scrolls
 j - 2 scrolls of blinking
 n - a scroll of immolation
 p - 2 scrolls of remove curse
Potions
 e - a potion of curing
 f - a potion of heal wounds
 g - a potion of haste
 h - 2 potions of magic
 q - 2 potions of cure mutation {unknown}
 r - a potion of lignification {unknown}
 v - 2 potions of flight
Comestibles
 d - a bread ration
 u - a royal jelly


   Skills:
 + Level 3.4 Short Blades
 * Level 6.5 Dodging
 * Level 7.9 Stealth
 * Level 5.6 Spellcasting
 + Level 0.0 Conjurations
 + Level 5.1 Hexes
 + Level 1.7 Ice Magic


You had 2 spell levels left.
You knew the following spells:

 Your Spells              Type           Power        Failure   Level  Hunger
a - Corona                Hex            ###....      1%          1    None
b - Ensorcelled Hibernat  Hex/Ice        ###...       8%          2    #......
c - Confuse               Hex            ###.....     6%          3    ##.....
d - Tukima's Dance        Hex            ###.....     6%          3    ##.....
e - Dazzling Spray        Conj/Hex       ##......     17%         3    ##.....


Dungeon Overview and Level Annotations

Branches:
Dungeon (1/1)

Altars:


Innate Abilities, Weirdness & Mutations

You are tiny and cannot use many weapons and most armour.
You have supernaturally acute eyesight.
You are a herbivore.
You cover ground extremely quickly.
You need consume almost no food.
You have large cloven feet.
Your skin changes colour to match your surroundings (Stealth).
You are agile. (Dex +2)
You tend to lose your temper in combat.
You possess an exceptional clarity of mind.
You are weak. (Str -2)


Message History

You feel yourself moving faster!
You feel mighty!
You feel a strong urge to attack something.
You barely miss the water elemental.
The water elemental is moderately damaged.
The water elemental misses you.
You completely miss the water elemental.
Your kick misses the water elemental.
The water elemental is moderately damaged.
You hit the water elemental.
The water elemental is heavily damaged.
The water elemental hits you!
* * * LOW HITPOINT WARNING * * *
The water elemental engulfs you in water!
With effort, you pull free of the water engulfing you.
You gasp with relief as air once again reaches your lungs.
You feel a strong urge to attack something.
You puncture the water elemental!
The water elemental is severely damaged.
The water elemental hits you!
You die...

▓.....#....≈♣♣♣♣..#
▓.....#...≈≈..♣♣♣.#
▓.....#..≈≈≈≈♣♣.♣.'
▓####'#..≈≈≈≈≈≈♣..#
▓(..).#.≈≈≈≈≈≈....#
▓.....#.≈≈≈≈≈.....#
▓.....#.≈≈≈.......#
▓'#####...........#
▓.@E..............#
▓▓▓▓▓▓▓▓▓▓▓▓▓▓▓▓▓▓▓


You could see a water elemental.

Vanquished Creatures
  A scorpion (D)
  Jessica (D)
  A human (D)
  2 oozes (D)
5 creatures vanquished.

Vanquished Creatures (others)
  2 draconian scorchers (D)
  A yaktaur (D)
3 creatures vanquished.

Grand Total: 8 creatures vanquished

Notes
Turn   | Place    | Note
--------------------------------------------------------------
     0 | D        | Kidiri the Spriggan Enchanter began the quest for the Orb.
     0 | D        | Reached XP level 1. HP: 9/9 MP: 5/5
    11 | D        | Reached skill level 5 in Stealth
    14 | D        | Reached XP level 2. HP: 4/13 MP: 5/7
    18 | D        | Learned a level 2 spell: Ensorcelled Hibernation
    82 | D        | Killed a yaktaur
   237 | D        | Noticed Jessica
   241 | D        | Killed Jessica
   241 | D        | Reached skill level 5 in Dodging
   241 | D        | Reached skill level 6 in Stealth
   241 | D        | Reached XP level 3. HP: 4/16 MP: 1/9
   261 | D        | Killed a white draconian scorcher
   274 | D        | Killed a white draconian scorcher
   484 | D        | Learned a level 3 spell: Confuse
   488 | D        | Learned a level 3 spell: Tukima's Dance
   511 | D        | Reached skill level 7 in Stealth
   511 | D        | Reached skill level 1 in Ice Magic
   546 | D        | Noticed a scorpion
   553 | D        | Killed a scorpion
   553 | D        | Reached skill level 5 in Spellcasting
   553 | D        | Reached skill level 5 in Hexes
   553 | D        | Reached XP level 4. HP: 21/21 MP: 10/12
   558 | D        | Learned a level 3 spell: Dazzling Spray
   578 | D        | Gained mutation: You possess an exceptional clarity of mind. [potion of mutation]
   578 | D        | Gained mutation: You tend to lose your temper in combat. [potion of mutation]
   578 | D        | Gained mutation: Your skin changes colour to match your surroundings (Stealth). [potion of mutation]
   579 | D        | Gained mutation: You have large cloven feet. [potion of mutation]
   579 | D        | Gained mutation: You are weak. (Str -2) [potion of mutation]
   579 | D        | Gained mutation: You are agile. (Dex +2) [potion of mutation]
   608 | D        | Noticed a water elemental
   639 | D        | Slain by a water elemental

Vault maps used:
D:        dungeon_sprint_mu

Action                   |  1- 3 |  4- 6 || total
-------------------------+-------+-------++-------
Melee: Dagger            |    13 |     5 ||    18
 Cast: Ensorcelled Hiber |     4 |       ||     4
       Dazzling Spray    |       |     3 ||     3
  Use: Scroll            |       |     4 ||     4
       Potion            |       |     3 ||     3
 Stab: Sleeping          |     5 |       ||     5
